 Dungeon Crawl Stone Soup version 0.26-a0-154-g3d63440f56 (webtiles) character file.

Game seed: 17274492878277135076

47 Flugslaktarn the Chiller (level 3, 0/16 HPs)
             Began as a Vine Stalker Ice Elementalist on June 30, 2020.
             Succumbed to an adder's poison
             ... on level 2 of the Dungeon.
             The game lasted 00:03:31 (599 turns).

Flugslaktarn the Chiller (VSIE)                      Turns: 599, Time: 00:03:31

Health: 0/16       AC:  2    Str:  7 (10) XL:     3   Next: 70%
Magic:  5/8        EV: 12    Int: 14 (16) God:
Gold:   96         SH:  0    Dex: 12 (14) Spells: 4/8 levels left

rFire    . . .     SeeInvis .   j - -3 whip (curse)
rCold    . . .     Faith    .   (no shield)
rNeg     . . .     Spirit   +   a - +0 robe
rPois    .         Reflect  .   (no helmet)
rElec    .         Harm     .   (no cloak)
rCorr    .                      (no gloves)
MR       .....                  (no boots)
Stlth    ++........             g - amulet of magic regeneration
HPRegen  0.05/turn              (no ring)
MPRegen  0.36/turn              (no ring)

@: lethally poisoned (0 -> -2), stab
A: fangs 2, magic shield, antimagic bite, no potion heal 3, rot immunity
a: no special abilities


You were on level 2 of the Dungeon.
You were not hungry.

You visited 1 branch of the dungeon, and saw 2 of its levels.

You collected 96 gold pieces.

Inventory:

Hand Weapons
 e - a +0 dagger
   (You took it off a kobold on level 2 of the Dungeon)
 j - a cursed -3 whip (weapon)
   (You found it on level 1 of the Dungeon)
Armour
 a - a +0 robe (worn)
Jewellery
 g - an amulet of magic regeneration (around neck)
   (You took it off a goblin on level 1 of the Dungeon)
Scrolls
 d - a scroll of identify {unknown}
 f - a scroll of fog
 k - a scroll of enchant armour {unknown}
 m - a scroll of remove curse {unknown}
 n - a scroll of teleportation {unknown}
 o - a scroll of blinking {unknown}
Potions
 h - 2 potions of haste
Comestibles
 c - 3 rations


   Skills:
 - Level 1.5 Dodging
 - Level 2.4 Stealth
 + Level 3.2 Spellcasting
 + Level 4.7 Ice Magic


You had 4 spell levels left.
You knew the following spells:

 Your Spells              Type           Power        Failure   Level  Hunger
a - Freeze                Ice            ###.         3%          1    #......
b - Frozen Ramparts       Ice            ###...       9%          3    ###....

Your spell library contained the following spells:

 Spells                   Type           Power        Failure   Level  Hunger
 Ozocubu's Armour         Chrm/Ice       #.......     24%         3    ###....
 Hailstorm                Conj/Ice       #.......     63%         4    #####..
 Summon Ice Beast         Ice/Summ       #.......     63%         4    #####..


Dungeon Overview and Level Annotations

Branches:
Dungeon (2/15)

Altars:


Innate Abilities, Weirdness & Mutations

You have extremely sharp teeth.
When hurt, damage is shared between your health and your magic reserves.
Your bite disrupts and absorbs the magic of your enemies.
Potions cannot restore your health.
You are immune to rotting.


Message History

Press: ? - help, Shift-Dir - straight line, f - giant cockroach
Aim: a giant cockroach (moderately wounded)
You freeze the giant cockroach.
You kill the giant cockroach!
The adder hisses angrily.
The goblin wields a +0 hunting sling.
The goblin shoots a stone.
The stone hits you!
* * * LOW HITPOINT WARNING * * *
The goblin shoots a stone.
The stone completely misses you.
Things that are here:
a stone; a +0 short sword; a kobold corpse The frozen ramparts melt away.
The goblin shoots a stone.
The stone hits you.
* * * LOW HITPOINT WARNING * * *
The goblin unwields a +0 hunting sling.
The goblin closely misses you.
Things that are here:
a stone; a +0 short sword; a kobold corpse Unknown command.
Casting: Freeze (safe; 2% risk of failure)
Confirm with . or Enter, or press ? or * to list all spells.
The spell is extremely dangerous to cast (9% risk of failure)!
Continue anyway?
The walls around you are covered in ice.
The wall freezes the adder.
The adder misses you.
The wall freezes the goblin.
The wall freezes the adder.
The adder bites you.
* * * LOW HITPOINT WARNING * * *
You are lethally poisoned!
The adder poisons you!
You closely miss the adder. Your bite misses the adder.
The adder is severely wounded.
* * * LOW HITPOINT WARNING * * *
You feel sick.
The wall freezes the adder.
You kill the adder!
The wall freezes the goblin.
You kill the goblin!
It was a potion of degeneration.
There was something very wrong with that liquid.
You feel weakened.
You feel dopey.
You feel clumsy.
Unknown command.
It was a potion of stabbing.
You feel ready to backstab.
Unknown command.
* * * LOW HITPOINT WARNING * * *
You feel sick.
Items here: ( ) †† a stone; a +0 short sword; an adder corpse; a kobold corpse You see here a stone.
Unknown command.
You see here a giant cockroach corpse.
Unknown command.
The frozen ramparts melt away.
You die...

#..# #..# ...## .
.... .. #..# ..
#?.# .. #..# #.
#@.# .
#.......#..##..##
.............†().#
.#...#..#######(##
.......# #.# #
#......# #.#
#.##......#######.#
..s...............#
#.<..........###


There were no monsters in sight!

Vanquished Creatures
  An adder (D:2)
  3 dart slugs (D:1)
  A leopard gecko (D:1)
  3 bats
  A giant cockroach (D:2)
  5 goblins
  5 hobgoblins
  6 kobolds
  3 rats
28 creatures vanquished.

Notes
Turn   | Place    | Note
-------+----------+-------------------------------------------
     0 | D:1      | Flugslaktarn the Vine Stalker Ice Elementalist began the
                  | quest for the Orb.
     0 | D:1      | Reached XP level 1. HP: 9/9 MP: 4/4
   137 | D:2      | Reached XP level 2. HP: 3/13 MP: 0/6
   367 | D:1      | Reached XP level 3. HP: 2/16 MP: 1/8
   373 | D:1      | Learned a level 3 spell: Frozen Ramparts
   599 | D:2      | Succumbed to an adder's poison

Illustrated notes

Levels and vault maps discovered:
D:1:      lightli_arrival_statuegarden, layout_basic, minmay_misc_feat_pillars,
          minmay_pentomino_p2
D:2:      layout_basic, grunt_temple_overflow_open, corexii_corridor_pit

Skill      XL: |  1  2  3 |
---------------+----------+-----
Spellcasting   | 3 |  3.2
Dodging        | |  1.5
Stealth        | |  2.4
Ice Magic      | |  4.7

Action                   || total
-------------------------++-------
Melee: Unarmed           ||     9
       Bite              ||    10
       Dagger            ||    18
       Whip              ||     3
 Cast: Freeze            ||    36
       Frozen Ramparts   ||     3
  Use: Scroll            ||     2
       Potion            ||     2
Armor: Robe              ||    14
Dodge: Dodged            ||    54

Table legend:
 A = Non-vault XP
 B = Vault XP
 C = Vault XP percentage of total XP
 D = Non-vault monster count
 E = Vault monster count
 F = Vault count percentage of total count
                 A         B        C        D         E       F
            +---------+---------+-------+---------+---------+-------
      Total |      66 |       2 |   2.9 |      27 |       1 |   3.6
            +---------+---------+-------+---------+---------+-------
        D:1 |      39 |       2 |   4.9 |      18 |       1 |   5.3
        D:2 |      27 |       0 |   0.0 |       9 |       0 |   0.0
            +---------+---------+-------+---------+---------+-------
